 Dungeon Crawl Stone Soup version 0.17-a0-2208-ge5ab1d3 (webtiles) character file.

384 kosy22 the Covered (level 6, -4/53 HPs)
             Began as a Hill Orc Fighter on Oct 26, 2015.
             Was an Initiate of Beogh.
             Slain by a gnoll shaman
             ... wielding a +0 club
              (6 damage)
             ... on level 3 of the Dungeon.
             The game lasted 00:08:33 (3595 turns).

kosy22 the Covered (Hill Orc Fighter)               Turns: 3595, Time: 00:08:33

Health: -4/53      AC: 15    Str: 21    XL:     6   Next: 77%
Magic:  5/6        EV: 10    Int: 13    God:    Beogh [......]
Gold:   136        SH: 10    Dex: 15    Spells: 0 memorised, 5 levels left

rFire  . . .     SeeInvis .     a - +1 war axe
rCold  . . .     Clarity  .     m - +0 plate armour
rNeg   . . .     SustAt   .     c - +0 shield
rPois  .         Gourm    .     (no helmet)
rElec  .         Spirit   .     (no cloak)
rCorr  .         Warding  .     u - +1 pair of gloves
rMut   .         Stasis   .     (no boots)
MR     .....                    (no amulet)
Stlth  ..........               (no ring)
                                e - ring of flight

@: brilliant, agile, flying, glowing, not resistant to hostile enchantments,
extremely unstealthy
A: no striking features
a: Renounce Religion, Stop Flying


You were on level 3 of the Dungeon.
You worshipped Beogh.
Beogh was noncommittal.
You were not hungry.

You visited 1 branch of the dungeon, and saw 3 of its levels.

You collected 136 gold pieces.

Inventory:

Hand Weapons
 a - a +1 war axe (weapon)
Missiles
 d - 13 poisoned needles
Armour
 b - a +0 scale mail
 c - a +0 shield (worn)
 m - a +0 plate armour (worn)
 u - a +1 pair of gloves (worn)
Jewellery
 e - a ring of flight (left hand)
Scrolls
 h - a scroll of remove curse
 i - a scroll of identify
 q - a scroll of enchant weapon
Books
 f - a book of Party Tricks

   Spells                             Type                      Level
   a - Summon Butterflies             Summoning                    1
   b - Apportation                    Translocation                1
   c - Tukima's Dance                 Hexes                        3
   d - Alistair's Intoxication        Transmutation/Poison         4
   e - Invisibility                   Hexes                        6
Comestibles
 g - a beef jerky
 j - a meat ration
 l - a bread ration


   Skills:
 + Level 4.7 Fighting
 + Level 4.2 Axes
 + Level 5.1 Armour
 + Level 1.9 Dodging
 + Level 0.1 Stealth
 + Level 5.0 Shields


You had 5 spell levels left.
You didn't know any spells.

Dungeon Overview and Level Annotations

Branches:
Dungeon (3/15)

Altars:
Gozag
Xom

Annotations:
D:3 kosy22's ghost, amateur HOFi


Message History

You block kosy22's ghost's attack.
Unknown command.
Unknown command.
You hit the gnoll.
The gnoll is severely wounded.
You closely miss the gnoll shaman.
The gnoll shaman is heavily wounded.
You slash the gnoll shaman!
The gnoll shaman is heavily wounded.
You closely miss kosy22's ghost.
Kosy22's ghost is lightly damaged.
You hit the gnoll.
The gnoll is moderately wounded.
The gnoll hits you with a whip.
* * * LOW HITPOINT WARNING * * *
The gnoll shaman hits you but does no damage.
The gnoll shaman calls upon its god to speed up the gnoll.
The gnoll seems to speed up.
You block the gnoll's attack. The gnoll misses you.
The gnoll shaman hits you with a club.
You die...

gg.#...................
...#+################## ##+# .#
############ .# ..#8..8#... .#
.'....'... .# gOg§.'... .# #ggg.#
.# #@Wg.# .# #gg..# .# #§§§.#
##+# #....#
...#############''''#############
.gg#............................#
####≈≈≈≈≈≈≈≈≈≈≈≈....≈≈≈≈≈≈≈≈≈≈≈≈#
≈≈≈≈≈≈≈≈≈≈≈≈≈≈≈≈....≈≈≈≈≈≈≈≈≈≈≈≈≈
≈≈≈≈≈≈≈)≈≈≈≈≈≈≈≈....≈≈≈≈≈≈≈≈≈≈≈≈≈


You could see an ogre, 2 gnoll shamans, kosy22's ghost and 6 gnolls.

Vanquished Creatures
  Sigmund (D:2)
  Terence (D:2)
  7 adders
  6 gnolls
  2 worms (D:2)
  2 orcs (D:3)
  2 ball pythons (D:1)
  3 giant cockroaches
  12 goblins
  9 hobgoblins
  5 kobolds
  9 bats
  2 giant geckos
  3 giant newts
  15 jackals (D:3)
  7 rats
86 creatures vanquished.

Notes
Turn   | Place    | Note
--------------------------------------------------------------
     0 | D:1      | kosy22 the Hill Orc Fighter began the quest for the Orb.
     0 | D:1      | Reached XP level 1. HP: 19/19 MP: 1/1
   106 | D:1      | Reached XP level 2. HP: 25/27 MP: 2/2
   379 | D:1      | Reached skill level 4 in Fighting
   596 | D:1      | Found a shimmering altar of Xom.
   608 | D:1      | Reached XP level 3. HP: 33/33 MP: 3/3
  1063 | D:2      | Noticed Terence
  1079 | D:2      | Killed Terence
  1079 | D:2      | Reached XP level 4. HP: 31/40 MP: 4/4
  1243 | D:2      | Reached skill level 1 in Dodging
  1717 | D:2      | Noticed Sigmund
  1730 | D:2      | Killed Sigmund
  1730 | D:2      | Reached XP level 5. HP: 18/47 MP: 5/5
  1730 | D:2      | Reached XP level 6. HP: 20/53 MP: 6/6
  2271 | D:2      | Reached skill level 5 in Armour
  2585 | D:3      | Found a faded altar to an unknown god.
  2604 | D:3      | Noticed kosy22's ghost (amateur HOFi)
  2982 | D:3      | Found an opulent altar of Gozag.
  3279 | D:3      | Became a worshipper of Beogh the Brigand
  3323 | D:3      | Reached skill level 5 in Shields
  3595 | D:3      | HP: 2/53 [gnoll/whip (2)]
  3595 | D:3      | Slain by a gnoll shaman

Vault maps used:
D:1:      minmay_arrival_shattered_statue, grunt_decor_mini_mirrors,
          minivault_24, xom_teletrap_fun
D:2:      kennysheep_the_goblin_king, first_bread, kennysheep_generic_room_8,
          uniq_terence, uniq_sigmund
D:3:      lemuel_castle_with_subvaults, overflow_temple_1_default,
          ecumenical_altar_2

Action                   |  1- 3 |  4- 6 || total
-------------------------+-------+-------++-------
Melee: War axe           |    83 |   196 ||   279
Invok: Convert to Beogh  |       |     1 ||     1
 Abil: Evoke Flight      |       |     1 ||     1
  Use: Scroll            |       |    11 ||    11
       Potion            |       |     5 ||     5
  Eat: Bread ration      |     1 |     1 ||     2
